General information
- name: BNet
- type: Ladder team game (AT/RT)
- host: Battle.net
- saver: TylerAaronKerr
map: Friends
- players: 8
- length: 35:51
- speed: Fast
- version: 1.21 W3XP
- replay type:

» download(386 KB)
Players
team 1 (loser)
madnis.ru (
teal | 99 APM | 3557 actions | 35:50)
5 Death Knight
3 Death Coil
2 Unholy Aura
4 Lich
2 Frost Nova
2 Dark Ritual
» actions
| Assign group hotkey | 97 | |
| Basic commands | 251 | |
| Build / train | 62 | |
| Enter build submenu | 30 | |
| Enter hero's abilities submenu | 10 | |
| Give item / drop item | 4 | |
| Remove unit from queue | 7 | |
| Right click | 1152 | |
| Select / deselect | 608 | |
| Select group hotkey | 1176 | |
| Use ability | 160 | |
3557 total
» units
| Acolyte | 2 | |
| Ghoul | 2 | |
| Crypt Fiend | 7 | |
| Frost Wyrm | -2 | |
9 total
» upgrades
| Burrow | 1 | |
| Web | 1 | |
| Freezing Breath | 1 | |
3 total
» buildings
| Crypt | 2 | |
| Ziggurat | 11 | |
| Altar of Darkness | 1 | |
| Graveyard | 1 | |
| Tomb of Relics | 2 | |
| Halls of the Dead | 2 | |
| Spirit Tower | 1 | |
| Nerubian Tower | 1 | |
| Black Citadel | 1 | |
| Sacrificial Pit | 1 | |
| Boneyard | 3 | |
26 total
» build order
00:27 Crypt
00:36 Crypt
00:40 Ziggurat
00:47 Altar of Darkness
01:09 Graveyard
01:48 Tomb of Relics
01:54 Tomb of Relics
02:00 Ziggurat
03:57 Halls of the Dead
04:28 Ziggurat
04:38 Ziggurat
04:53 Spirit Tower
05:37 Nerubian Tower
07:05 Black Citadel
09:48 Sacrificial Pit
10:46 Boneyard
10:47 Boneyard
10:50 Ziggurat
14:12 Ziggurat
16:40 Ziggurat
16:40 Ziggurat
17:30 Boneyard
20:00 Ziggurat
22:11 Ziggurat
22:12 Ziggurat
» items
| Rod of Necromancy | 3 | |
| Scroll of Town Portal | 4 | |
| Potion of Mana | 5 | |
| Orb of Corruption | 1 | |
| Potion of Healing | 6 | |
| Scroll of Healing | 1 | |
20 total
mr.elliot (
pink | 63 APM | 2147 actions | 34:13)
3 Tauren Chieftain
2 Endurance Aura
1 Shockwave
1 Shadow Hunter
1 Hex
» actions
| Assign group hotkey | 42 | |
| Basic commands | 35 | |
| Build / train | 117 | |
| Enter build submenu | 23 | |
| Enter hero's abilities submenu | 4 | |
| Remove unit from queue | 12 | |
| Right click | 907 | |
| Select / deselect | 376 | |
| Select group hotkey | 559 | |
| Use ability | 72 | |
2147 total
» units
| Peon | 12 | |
| Troll Headhunter/Berserker | 18 | |
| Demolisher | 11 | |
| Troll Batrider | 44 | |
85 total
» upgrades
» buildings
| Altar of Storms | 1 | |
| Orc Burrow | 8 | |
| War Mill | 1 | |
| Barracks | 1 | |
| Stronghold | 2 | |
| Watch Tower | 3 | |
| Voodoo Lounge | 1 | |
| Beastiary | 6 | |
23 total
» build order
00:08 Altar of Storms
00:10 Orc Burrow
00:50 War Mill
01:26 Barracks
02:08 Orc Burrow
04:06 Stronghold
05:30 Orc Burrow
06:00 Orc Burrow
07:26 Watch Tower
07:31 Watch Tower
08:01 Orc Burrow
08:21 Watch Tower
08:39 Voodoo Lounge
19:46 Beastiary
19:50 Beastiary
23:39 Orc Burrow
23:39 Orc Burrow
28:52 Beastiary
28:57 Beastiary
30:11 Orc Burrow
31:35 Beastiary
31:39 Beastiary
» items
| Rod of Necromancy | 5 | |
| Potion of Healing | 3 | |
8 total
Rus.Gosu. (
blue | 135 APM | 4645 actions | 34:22)
6 Death Knight
3 Death Coil
2 Unholy Aura
1 Animate Dead
1 Lich
1 Frost Nova
» actions
| Assign group hotkey | 31 | |
| Basic commands | 477 | |
| Build / train | 86 | |
| ESC pressed | 4 | |
| Enter build submenu | 35 | |
| Enter hero's abilities submenu | 7 | |
| Remove unit from queue | 5 | |
| Right click | 1873 | |
| Select / deselect | 1055 | |
| Select group hotkey | 960 | |
| Use ability | 112 | |
4645 total
» units
| Acolyte | 5 | |
| Ghoul | 1 | |
| Crypt Fiend | 6 | |
| Gargoyle | 27 | |
39 total
» upgrades
» buildings
| Crypt | 2 | |
| Graveyard | 2 | |
| Altar of Darkness | 1 | |
| Ziggurat | 10 | |
| Tomb of Relics | 3 | |
| Halls of the Dead | 8 | |
| Spirit Tower | 2 | |
| Necropolis | 1 | |
29 total
» build order
00:19 Crypt
00:23 Graveyard
00:25 Graveyard
00:51 Altar of Darkness
01:00 Ziggurat
01:21 Ziggurat
01:49 Tomb of Relics
01:52 Tomb of Relics
02:02 Tomb of Relics
02:19 Ziggurat
04:01 Halls of the Dead
04:01 Halls of the Dead
04:01 Halls of the Dead
05:06 Spirit Tower
05:57 Halls of the Dead
05:57 Halls of the Dead
06:17 Ziggurat
07:05 Ziggurat
07:36 Ziggurat
09:03 Crypt
09:56 Ziggurat
13:39 Ziggurat
20:23 Necropolis
20:55 Ziggurat
20:58 Ziggurat
» items
| Rod of Necromancy | 1 | |
| Scroll of Healing | 1 | |
| Orb of Corruption | 5 | |
| Potion of Healing | 1 | |
| Healing Salve | 1 | |
| Lesser Clarity Potion | 1 | |
| Scroll of Speed | 1 | |
11 total
WArK (
green | 133 APM | 4557 actions | 34:18)
5 Death Knight
3 Death Coil
2 Unholy Aura
4 Lich
2 Frost Nova
2 Dark Ritual
» actions
| Assign group hotkey | 574 | |
| Basic commands | 9 | |
| Build / train | 138 | |
| ESC pressed | 1 | |
| Enter build submenu | 21 | |
| Enter hero's abilities submenu | 9 | |
| Give item / drop item | 1 | |
| Right click | 2194 | |
| Select / deselect | 507 | |
| Select group hotkey | 993 | |
| Use ability | 109 | |
4557 total
» units
| Acolyte | 18 | |
| Ghoul | 6 | |
| Crypt Fiend | 16 | |
| Gargoyle | 6 | |
| Frost Wyrm | 21 | |
| Necromancer | 2 | |
69 total
» upgrades
| Web | 1 | |
| Freezing Breath | 1 | |
| Necromancer Training | 3 | |
| Creature Carapace | 3 | |
8 total
» buildings
| Crypt | 1 | |
| Altar of Darkness | 1 | |
| Ziggurat | 9 | |
| Graveyard | 1 | |
| Tomb of Relics | 1 | |
| Nerubian Tower | 6 | |
| Halls of the Dead | 4 | |
| Spirit Tower | 4 | |
| Black Citadel | 4 | |
| Sacrificial Pit | 1 | |
| Boneyard | 2 | |
| Temple of the Damned | 1 | |
35 total
» build order
00:29 Crypt
00:37 Altar of Darkness
00:39 Ziggurat
00:56 Graveyard
01:21 Tomb of Relics
01:27 Ziggurat
02:21 Nerubian Tower
02:22 Nerubian Tower
05:05 Halls of the Dead
05:25 Spirit Tower
05:25 Spirit Tower
06:49 Ziggurat
06:51 Ziggurat
07:46 Black Citadel
07:46 Black Citadel
09:13 Sacrificial Pit
10:08 Boneyard
10:12 Boneyard
10:56 Ziggurat
15:00 Ziggurat
21:53 Ziggurat
21:57 Temple of the Damned
27:40 Ziggurat
31:28 Ziggurat
» items
| Rod of Necromancy | 1 | |
| Dust of Appearance | 1 | |
| Orb of Corruption | 5 | |
| Scroll of Town Portal | 2 | |
| Potion of Mana | 1 | |
10 total
team 2 (winner)
NlGGERBALLS (
orange | 55 APM | 1989 actions | 35:51)
3 Archmage
2 Blizzard
1 Brilliance Aura
5 Blood Mage
3 Flame Strike
2 Siphon Mana
» actions
| Assign group hotkey | 21 | |
| Basic commands | 16 | |
| Build / train | 146 | |
| ESC pressed | 8 | |
| Enter build submenu | 40 | |
| Enter hero's abilities submenu | 8 | |
| Give item / drop item | 2 | |
| Right click | 712 | |
| Select / deselect | 461 | |
| Select group hotkey | 322 | |
| Use ability | 253 | |
1989 total
» units
| Peasant | 25 | |
| Flying Machine | 10 | |
| Dragonhawk Rider | 4 | |
39 total
» upgrades
| Masonry | 3 | |
| Lumber Harvesting | 2 | |
| Magic Sentry | 1 | |
| Gunpowder | 3 | |
| Flak Cannons | 1 | |
| Flying Machine Bombs | 1 | |
| Plating | 1 | |
| Swords | 2 | |
| Armor | 3 | |
| Animal War Training | 1 | |
| Cloud | 1 | |
19 total
» buildings
| Altar of Kings | 1 | |
| Farm | 5 | |
| Lumber Mill | 2 | |
| Scout Tower | 86 | |
| Arcane Tower | 1 | |
| Guard Tower | 55 | |
| Keep | 1 | |
| Arcane Vault | 2 | |
| Castle | 1 | |
| Town Hall | 1 | |
| Arcane Sanctum | 1 | |
| Blacksmith | 1 | |
| Workshop | 2 | |
| Gryphon Aviary | 2 | |
| Barracks | 1 | |
162 total
» build order
00:08 Altar of Kings
00:17 Farm
00:28 Lumber Mill
00:45 Scout Tower
01:13 Arcane Tower
01:16 Scout Tower
01:30 Farm
01:47 Scout Tower
02:05 Guard Tower
02:06 Guard Tower
02:06 Guard Tower
02:06 Guard Tower
02:17 Scout Tower
02:25 Guard Tower
02:25 Guard Tower
02:25 Guard Tower
02:25 Guard Tower
02:59 Guard Tower
03:01 Scout Tower
03:17 Scout Tower
03:29 Guard Tower
03:53 Guard Tower
03:54 Scout Tower
04:04 Scout Tower
04:05 Scout Tower
04:06 Scout Tower
04:07 Scout Tower
04:07 Scout Tower
04:37 Keep
05:01 Guard Tower
05:11 Scout Tower
05:12 Scout Tower
05:13 Scout Tower
05:14 Scout Tower
05:15 Scout Tower
05:16 Scout Tower
05:27 Guard Tower
05:33 Arcane Vault
05:44 Guard Tower
05:51 Guard Tower
05:57 Farm
06:15 Guard Tower
06:26 Guard Tower
06:30 Guard Tower
06:43 Guard Tower
06:52 Scout Tower
06:52 Scout Tower
07:35 Guard Tower
07:36 Guard Tower
07:37 Guard Tower
07:37 Guard Tower
07:37 Guard Tower
07:46 Guard Tower
08:03 Guard Tower
08:07 Scout Tower
08:46 Castle
10:22 Town Hall
12:30 Scout Tower
12:31 Scout Tower
12:32 Scout Tower
12:32 Scout Tower
12:33 Scout Tower
12:34 Scout Tower
13:18 Scout Tower
13:22 Scout Tower
13:56 Guard Tower
14:15 Guard Tower
15:14 Guard Tower
16:01 Scout Tower
16:02 Scout Tower
16:03 Scout Tower
16:04 Scout Tower
16:05 Scout Tower
17:07 Guard Tower
17:24 Scout Tower
17:25 Scout Tower
17:26 Scout Tower
17:27 Scout Tower
17:28 Scout Tower
17:29 Scout Tower
17:35 Scout Tower
17:36 Scout Tower
17:37 Scout Tower
17:38 Scout Tower
17:39 Scout Tower
17:59 Guard Tower
18:10 Guard Tower
18:37 Guard Tower
18:53 Guard Tower
18:55 Scout Tower
18:56 Scout Tower
19:07 Scout Tower
19:08 Scout Tower
19:09 Scout Tower
19:10 Scout Tower
19:31 Guard Tower
19:46 Guard Tower
19:53 Guard Tower
19:58 Scout Tower
20:15 Guard Tower
20:18 Scout Tower
20:19 Scout Tower
20:27 Guard Tower
20:30 Lumber Mill
20:49 Arcane Sanctum
20:53 Guard Tower
21:14 Guard Tower
21:27 Scout Tower
21:27 Scout Tower
21:27 Scout Tower
21:29 Scout Tower
21:30 Scout Tower
21:31 Scout Tower
21:31 Scout Tower
21:31 Scout Tower
21:32 Scout Tower
21:32 Scout Tower
21:33 Scout Tower
21:34 Scout Tower
21:36 Scout Tower
22:42 Guard Tower
22:45 Scout Tower
22:46 Scout Tower
22:47 Scout Tower
22:48 Scout Tower
22:49 Scout Tower
22:49 Scout Tower
22:52 Scout Tower
22:52 Scout Tower
22:53 Scout Tower
22:53 Scout Tower
22:54 Scout Tower
22:55 Scout Tower
23:02 Blacksmith
24:00 Guard Tower
24:31 Guard Tower
24:43 Scout Tower
24:44 Scout Tower
24:44 Scout Tower
24:47 Scout Tower
24:49 Scout Tower
24:50 Scout Tower
24:51 Scout Tower
25:00 Workshop
25:03 Workshop
25:18 Guard Tower
25:21 Guard Tower
25:44 Guard Tower
25:46 Guard Tower
26:28 Farm
26:29 Farm
26:49 Guard Tower
27:17 Guard Tower
27:26 Guard Tower
27:28 Guard Tower
28:14 Guard Tower
29:24 Gryphon Aviary
29:30 Gryphon Aviary
29:35 Barracks
31:09 Arcane Vault
» items
| Lesser Clarity Potion | 5 | |
| Scroll of Regeneration | 3 | |
| Potion of Healing | 4 | |
| Staff of Sanctuary | 2 | |
| Potion of Mana | 1 | |
| Scroll of Town Portal | 1 | |
| Ivory Tower | 3 | |
19 total
NUTSONYOCHIN.de (
red | 89 APM | 3206 actions | 35:51)
7 Keeper of the Grove
3 Entangling Roots
3 Thorns Aura
1 Tranquility
» actions
| Assign group hotkey | 11 | |
| Basic commands | 39 | |
| Build / train | 79 | |
| ESC pressed | 1 | |
| Enter build submenu | 33 | |
| Enter hero's abilities submenu | 7 | |
| Give item / drop item | 4 | |
| Right click | 1793 | |
| Select / deselect | 218 | |
| Select group hotkey | 877 | |
| Use ability | 144 | |
3206 total
» units
| Wisp | 22 | |
| Chimaera | 6 | |
| Goblin Sapper | 1 | |
| Goblin Zeppelin | 3 | |
32 total
» upgrades
| Ultravision | 1 | |
| Strength of the Wild | 3 | |
| Well Spring | 1 | |
| Reinforced Hides | 3 | |
| Corrosive Breath | 1 | |
9 total
» buildings
| Altar of Elders | 3 | |
| Moon Well | 19 | |
| Tree of Ages | 2 | |
| Hunter's Hall | 1 | |
| Tree of Eternity | 2 | |
| Ancient of Wind | 3 | |
| Ancient of Wonders | 1 | |
| Chimaera Roost | 6 | |
| Tree of Life | 2 | |
39 total
» build order
00:12 Altar of Elders
00:20 Moon Well
00:32 Moon Well
04:09 Tree of Ages
05:51 Hunter's Hall
06:22 Moon Well
06:23 Moon Well
06:33 Tree of Eternity
06:38 Ancient of Wind
06:40 Ancient of Wonders
08:54 Chimaera Roost
08:56 Chimaera Roost
09:02 Moon Well
09:03 Moon Well
14:23 Moon Well
15:00 Moon Well
16:37 Tree of Life
24:18 Tree of Life
25:51 Moon Well
25:52 Moon Well
25:54 Moon Well
25:57 Moon Well
25:59 Moon Well
26:03 Moon Well
26:56 Tree of Ages
26:59 Altar of Elders
27:42 Moon Well
27:53 Moon Well
27:53 Moon Well
29:34 Altar of Elders
29:42 Ancient of Wind
30:00 Ancient of Wind
31:36 Tree of Eternity
31:45 Moon Well
31:48 Moon Well
34:30 Chimaera Roost
34:31 Chimaera Roost
34:32 Chimaera Roost
34:33 Chimaera Roost
» items
| Potion of Mana | 2 | |
| Lesser Clarity Potion | 3 | |
| Scroll of Regeneration | 3 | |
| Potion of Healing | 6 | |
| Orb of Venom | 1 | |
| Scroll of Town Portal | 6 | |
| Anti-magic Potion | 3 | |
| Staff of Preservation | 1 | |
| Staff of Sanctuary | 1 | |
26 total
parastaennen.fi (
yellow | 128 APM | 4591 actions | 35:50)
4 Mountain King
2 Storm Bolt
2 Bash
3 Paladin
2 Holy Light
1 Divine Shield
3 Archmage
2 Blizzard
1 Brilliance Aura
» actions
| Assign group hotkey | 120 | |
| Basic commands | 15 | |
| Build / train | 190 | |
| Enter build submenu | 158 | |
| Enter hero's abilities submenu | 11 | |
| Give item / drop item | 1 | |
| Right click | 1917 | |
| Select / deselect | 543 | |
| Select group hotkey | 1252 | |
| Use ability | 384 | |
4591 total
» units
» upgrades
| Masonry | 3 | |
| Lumber Harvesting | 1 | |
| Magic Sentry | 1 | |
| Gunpowder | 1 | |
| Plating | 1 | |
| Flak Cannons | 1 | |
| Flying Machine Bombs | 1 | |
9 total
» buildings
| Altar of Kings | 1 | |
| Farm | 7 | |
| Scout Tower | 188 | |
| Lumber Mill | 1 | |
| Arcane Tower | 4 | |
| Guard Tower | 84 | |
| Keep | 4 | |
| Arcane Vault | 6 | |
| Castle | 4 | |
| Arcane Sanctum | 1 | |
| Town Hall | 1 | |
| Blacksmith | 1 | |
| Workshop | 2 | |
304 total
» build order
00:06 Altar of Kings
00:22 Farm
00:37 Scout Tower
00:51 Lumber Mill
00:56 Farm
01:04 Scout Tower
01:25 Scout Tower
01:34 Arcane Tower
01:34 Arcane Tower
01:36 Scout Tower
01:42 Arcane Tower
01:53 Farm
02:04 Scout Tower
02:06 Arcane Tower
02:17 Guard Tower
02:24 Scout Tower
02:34 Guard Tower
02:34 Scout Tower
02:52 Scout Tower
02:56 Scout Tower
02:59 Guard Tower
03:00 Scout Tower
03:03 Scout Tower
03:03 Guard Tower
03:03 Guard Tower
03:34 Guard Tower
03:36 Scout Tower
03:37 Scout Tower
03:48 Guard Tower
03:50 Scout Tower
03:55 Scout Tower
03:56 Scout Tower
04:01 Scout Tower
04:02 Scout Tower
04:03 Scout Tower
04:04 Scout Tower
04:04 Scout Tower
04:05 Scout Tower
04:09 Scout Tower
04:10 Scout Tower
04:12 Guard Tower
04:12 Guard Tower
04:15 Scout Tower
04:20 Guard Tower
04:22 Scout Tower
04:23 Scout Tower
04:30 Guard Tower
04:36 Guard Tower
04:43 Guard Tower
04:45 Guard Tower
04:55 Guard Tower
04:58 Guard Tower
05:04 Scout Tower
05:06 Scout Tower
05:09 Guard Tower
05:13 Guard Tower
05:21 Keep
05:21 Keep
05:48 Scout Tower
05:49 Scout Tower
05:53 Guard Tower
05:54 Scout Tower
05:56 Guard Tower
06:01 Scout Tower
06:02 Scout Tower
06:21 Farm
06:26 Guard Tower
06:32 Guard Tower
06:33 Guard Tower
06:35 Arcane Vault
06:40 Scout Tower
06:41 Scout Tower
06:41 Scout Tower
06:48 Scout Tower
06:48 Scout Tower
06:50 Scout Tower
06:55 Guard Tower
06:57 Guard Tower
07:00 Guard Tower
07:03 Scout Tower
07:04 Scout Tower
07:05 Scout Tower
07:08 Guard Tower
07:10 Scout Tower
07:11 Scout Tower
07:19 Arcane Vault
07:27 Scout Tower
08:20 Castle
08:20 Castle
08:20 Castle
08:27 Guard Tower
08:30 Scout Tower
08:34 Guard Tower
08:35 Guard Tower
08:35 Guard Tower
08:37 Guard Tower
08:40 Scout Tower
08:45 Guard Tower
08:47 Scout Tower
08:48 Scout Tower
08:48 Scout Tower
08:57 Scout Tower
08:59 Scout Tower
09:05 Arcane Vault
09:06 Guard Tower
09:10 Guard Tower
09:12 Scout Tower
09:30 Scout Tower
09:35 Arcane Sanctum
10:22 Town Hall
10:29 Guard Tower
10:38 Guard Tower
10:49 Arcane Vault
11:17 Scout Tower
11:18 Scout Tower
11:52 Guard Tower
11:56 Guard Tower
12:34 Scout Tower
13:10 Guard Tower
13:10 Scout Tower
13:26 Scout Tower
13:27 Scout Tower
13:38 Guard Tower
14:01 Guard Tower
14:05 Scout Tower
14:06 Scout Tower
14:36 Guard Tower
14:43 Scout Tower
14:45 Scout Tower
14:55 Guard Tower
14:57 Scout Tower
14:58 Scout Tower
15:11 Guard Tower
15:13 Scout Tower
15:17 Scout Tower
15:42 Guard Tower
15:43 Scout Tower
16:09 Guard Tower
16:10 Guard Tower
17:23 Scout Tower
17:24 Scout Tower
17:24 Scout Tower
17:25 Scout Tower
17:25 Scout Tower
17:26 Scout Tower
17:26 Scout Tower
17:27 Scout Tower
17:32 Guard Tower
17:33 Scout Tower
17:34 Scout Tower
17:54 Scout Tower
17:56 Scout Tower
17:58 Scout Tower
17:58 Scout Tower
17:59 Scout Tower
18:00 Scout Tower
18:00 Scout Tower
18:01 Scout Tower
18:02 Scout Tower
18:03 Scout Tower
18:03 Scout Tower
18:06 Scout Tower
18:06 Scout Tower
18:07 Scout Tower
18:07 Scout Tower
18:44 Guard Tower
18:45 Scout Tower
18:47 Scout Tower
18:50 Scout Tower
18:52 Scout Tower
18:53 Guard Tower
18:55 Scout Tower
18:55 Scout Tower
18:56 Scout Tower
18:57 Scout Tower
18:57 Scout Tower
18:58 Scout Tower
19:00 Scout Tower
19:01 Scout Tower
19:02 Scout Tower
19:03 Scout Tower
19:04 Scout Tower
19:05 Arcane Vault
19:37 Guard Tower
19:38 Scout Tower
19:39 Scout Tower
19:42 Scout Tower
19:43 Scout Tower
19:45 Guard Tower
19:48 Scout Tower
19:59 Scout Tower
20:00 Scout Tower
20:01 Scout Tower
20:17 Scout Tower
20:18 Guard Tower
20:21 Scout Tower
20:22 Scout Tower
20:28 Guard Tower
20:30 Scout Tower
20:31 Scout Tower
20:42 Guard Tower
20:45 Scout Tower
20:46 Scout Tower
20:47 Scout Tower
21:06 Guard Tower
21:23 Guard Tower
22:30 Guard Tower
22:53 Scout Tower
22:55 Scout Tower
23:04 Scout Tower
23:05 Scout Tower
23:25 Scout Tower
23:36 Guard Tower
23:38 Scout Tower
23:39 Scout Tower
23:40 Scout Tower
23:41 Scout Tower
23:46 Blacksmith
23:48 Scout Tower
23:49 Scout Tower
23:49 Scout Tower
24:02 Guard Tower
24:05 Scout Tower
24:05 Scout Tower
24:13 Guard Tower
24:14 Scout Tower
24:16 Scout Tower
24:22 Scout Tower
24:39 Scout Tower
24:55 Scout Tower
24:56 Scout Tower
24:57 Scout Tower
24:58 Scout Tower
24:59 Scout Tower
25:00 Scout Tower
25:01 Scout Tower
25:04 Guard Tower
25:08 Scout Tower
25:09 Scout Tower
25:51 Guard Tower
25:58 Guard Tower
25:59 Scout Tower
26:00 Scout Tower
26:07 Guard Tower
26:08 Scout Tower
26:09 Scout Tower
26:23 Guard Tower
26:24 Workshop
26:25 Workshop
26:29 Scout Tower
26:53 Scout Tower
26:54 Scout Tower
27:08 Guard Tower
27:10 Scout Tower
27:11 Scout Tower
27:12 Scout Tower
27:12 Scout Tower
27:13 Scout Tower
27:13 Scout Tower
27:15 Guard Tower
27:18 Guard Tower
27:19 Arcane Vault
27:25 Guard Tower
27:29 Scout Tower
28:37 Farm
28:38 Farm
28:39 Farm
28:49 Guard Tower
28:50 Scout Tower
28:51 Scout Tower
28:53 Guard Tower
28:54 Scout Tower
29:08 Guard Tower
29:10 Scout Tower
29:11 Scout Tower
29:42 Scout Tower
30:10 Guard Tower
30:11 Scout Tower
30:12 Scout Tower
30:30 Scout Tower
30:30 Scout Tower
30:31 Guard Tower
30:34 Scout Tower
31:26 Guard Tower
31:28 Scout Tower
31:59 Guard Tower
32:01 Scout Tower
32:02 Scout Tower
32:03 Scout Tower
34:03 Scout Tower
34:03 Scout Tower
34:07 Scout Tower
34:08 Scout Tower
35:45 Guard Tower
35:46 Scout Tower
35:47 Scout Tower
» items
| Lesser Clarity Potion | 11 | |
| Staff of Sanctuary | 3 | |
| Scroll of Regeneration | 5 | |
| Potion of Healing | 1 | |
| Scroll of Town Portal | 5 | |
| Ankh of Reincarnation | 1 | |
| Health Stone | 1 | |
| Sobi Mask | 1 | |
| Healing Wards | 1 | |
| Belt of Giant Strength +6 | 1 | |
30 total
TylerAaronKerr (
purple | 128 APM | 4608 actions | 35:51)
6 Keeper of the Grove
3 Entangling Roots
2 Thorns Aura
1 Tranquility
» actions
| Assign group hotkey | 22 | |
| Basic commands | 1 | |
| Build / train | 120 | |
| Enter build submenu | 30 | |
| Enter hero's abilities submenu | 6 | |
| Remove unit from queue | 10 | |
| Right click | 2787 | |
| Select / deselect | 390 | |
| Select group hotkey | 1056 | |
| Use ability | 173 | |
4608 total
» units
» upgrades
| Ultravision | 1 | |
| Strength of the Wild | 3 | |
| Reinforced Hides | 3 | |
| Nature's Blessing | 1 | |
| Hippogryph Taming | 1 | |
| Well Spring | 1 | |
10 total
» buildings
| Altar of Elders | 2 | |
| Moon Well | 15 | |
| Tree of Ages | 3 | |
| Hunter's Hall | 1 | |
| Ancient of Wind | 5 | |
| Tree of Eternity | 2 | |
| Ancient of Wonders | 2 | |
| Tree of Life | 3 | |
33 total
» build order
00:14 Altar of Elders
00:19 Moon Well
00:54 Moon Well
05:25 Tree of Ages
05:26 Tree of Ages
05:53 Hunter's Hall
06:53 Moon Well
06:54 Moon Well
07:47 Ancient of Wind
07:48 Ancient of Wind
08:22 Moon Well
08:24 Ancient of Wind
10:22 Tree of Eternity
11:44 Ancient of Wonders
14:12 Tree of Life
18:37 Tree of Life
20:58 Moon Well
21:44 Moon Well
21:44 Moon Well
21:44 Moon Well
23:51 Ancient of Wind
23:52 Ancient of Wind
24:46 Moon Well
24:51 Moon Well
26:42 Moon Well
26:43 Moon Well
26:44 Moon Well
26:44 Moon Well
27:37 Tree of Ages
29:33 Altar of Elders
29:48 Ancient of Wonders
31:55 Tree of Eternity
33:10 Tree of Life
» items
| Potion of Healing | 2 | |
| Lesser Clarity Potion | 3 | |
| Scroll of Town Portal | 2 | |
| Staff of Preservation | 1 | |
| Anti-magic Potion | 2 | |
10 total
Chat log
(15:01 / All) TylerAaronKerr: stop lag
(21:00 / All) madnis.ru: ))
(25:02 / All) Rus.Gosu.: ГЛАВНУХУ
(33:45 / All) TylerAaronKerr: gg RUSCUM
(33:57 / All) parastaennen.fi: typical putintards
(34:18 / All) NUTSONYOCHIN.de: lolé
(34:22 / All) parastaennen.fi: Hoppety boppety you just got schmoppetyd
(34:30 / All) TylerAaronKerr: power go out in siberian webcafe?